 Dungeon Crawl Stone Soup version 0.19.1 (webtiles) character file.

242 Host24 the Grave Robber (level 6, -7/38 HPs)
             Began as a Kobold Necromancer on Dec 18, 2016.
             Mangled by an orc warrior
             ... wielding a cursed +0 long sword
              (15 damage)
             ... on level 4 of the Dungeon.
             The game lasted 00:11:45 (3669 turns).

Host24 the Grave Robber (Kobold Necromancer)        Turns: 3669, Time: 00:11:46

Health: -7/38      AC:  4    Str:  6    XL:     6   Next: 30%
Magic:  12/12      EV: 16    Int: 18    God:
Gold:   196        SH:  0    Dex: 15    Spells: 2 memorised, 11 levels left

rFire  . . .     SeeInvis +     F - +0 flail (crush)
rCold  . . .     Gourm    .     a - +0 robe
rNeg   . . .     Faith    .     (shield restricted)
rPois  .         Spirit   .     (no helmet)
rElec  .         Reflect  .     H - +0 cloak
rCorr  .         Harm     .     n - +0 pair of gloves
MR     .....                    (no boots)
Stlth  ++........               (no amulet)
                                (no ring)
                                A - ring of see invisible

@: no status effects
A: carnivore 3
a: no special abilities


You were on level 4 of the Dungeon.
You were completely stuffed.

You visited 1 branch of the dungeon, and saw 4 of its levels.

You collected 196 gold pieces.

Inventory:

Hand Weapons
 j - a +0 hand axe
 m - a +0 whip
 p - a +0 short sword
 x - a +0 blowgun
 F - a +0 flail of crushing (weapon)
 G - a +0 whip of electrocution
 J - a +0 war axe
 P - a cursed -2 short sword
Missiles
 g - 61 arrows
 i - 89 stones (quivered)
 l - 35 bolts
 o - 16 poisoned needles
 q - a throwing net
 y - 20 sling bullets
 D - 2 tomahawks
Armour
 a - a +0 robe (worn)
 n - a +0 pair of gloves (worn)
 B - a +0 leather armour
 E - a +0 ring mail
 H - a +0 cloak (worn)
Jewellery
 A - a ring of see invisible (left hand)
 L - an uncursed ring of positive energy {unknown}
 O - an uncursed ring of protection from fire {unknown}
 Q - an uncursed ring of wizardry {unknown}
 S - the ring "Xyacah" {+Fly MR+ MP+9 Int+3, unknown}
   (You found it on level 4 of the Dungeon)

   [ring of magical power]

   It affects your intelligence (+3).
   It affects your resistance to hostile enchantments.
   It affects your magic capacity (+9).
   It lets you fly.
Wands
 u - a wand of acid (6/15)
 T - a wand of flame (20/48)
Scrolls
 d - 3 scrolls of remove curse {unknown}
 e - a scroll of noise
 h - a scroll of immolation
 r - 2 scrolls of teleportation {unknown}
 t - 2 scrolls of identify {unknown}
 w - a scroll of recharging {unknown}
 I - a scroll of magic mapping {unknown}
 U - a scroll of amnesia {unknown}
Potions
 f - a potion of flight {unknown}
 k - a potion of ambrosia {unknown}
 s - a potion of haste {unknown}
 v - a potion of invisibility {unknown}
 C - a potion of heal wounds {unknown}
 K - a potion of degeneration {unknown}
 M - a potion of cancellation {unknown}
 R - a potion of might {unknown}
Books
 b - a book of Necromancy

   Spells                             Type                      Level
   a - Pain                           Necromancy                   1
   b - Animate Skeleton               Necromancy                   1
   c - Vampiric Draining              Necromancy                   3
   d - Regeneration                   Charms/Necromancy            3
   e - Animate Dead                   Necromancy                   4
   f - Control Undead                 Necromancy                   4
Comestibles
 c - 3 meat rations
 z - 2 beef jerkies
 N - 5 chunks of flesh


   Skills:
 - Level 4.0 Fighting
 + Level 3.9 Dodging
 - Level 2.6 Stealth
 - Level 4.0 Spellcasting
 - Level 4.0 Necromancy


You had 11 spell levels left.
You knew the following spells:

 Your Spells              Type           Power        Failure   Level  Hunger
a - Pain                  Necr           ###.         2%          1    None
b - Animate Skeleton      Necr           N/A          2%          1    None


Dungeon Overview and Level Annotations

Branches:
Dungeon (4/15)
 Temple: D:4-7

Altars:


Innate Abilities, Weirdness & Mutations

You are small and have problems with some larger weapons.
You are carnivorous and can eat meat at any time.


Message History

You hear a loud clanging noise!
It was a scroll of noise.
The orc wizard shouts!
The jackal barely misses you. x2
The howler monkey completely misses you.
The jackal closely misses you. The jackal barely misses you.
Your frilled lizard skeleton completely misses the jackal.
The orc warrior hits you with a long sword.
* * * LOW HITPOINT WARNING * * *
The jackal closely misses you.
As you read the scroll labeled QUMARE SOGEL, it crumbles to dust.
The creatures around you are filled with an inner flame!
It was a scroll of immolation.
The jackal completely misses you. The jackal closely misses you.
The howler monkey closely misses you.
The jackal bites you but does no damage.
The jackal barely misses you. The jackal closely misses you.
Your frilled lizard skeleton misses the jackal.
The giant cockroach waves its antennae.
The orc warrior hits you with a long sword!
You die...

. .## ..# #o# #o# #.#
##+#####o###
####......h@h.#
.........hhhZ#
#........s..# .
#...........#...
#............#
#............#
#............##
#####.............#
####..........######.#


You could see an orc warrior (inner flame), a howler monkey (inner flame), 2 orc
wizards, 4 jackals, a giant cockroach (inner flame) and a friendly frilled
lizard skeleton (inner flame).

Vanquished Creatures
  An orc priest (D:3)
  A hound (D:3)
  An orc wizard (D:3)
  2 adders
  3 oozes
  A worm (D:3)
  5 dart slugs
  6 leopard geckos
  8 orcs (D:3)
  3 giant cockroaches
  11 goblins
  7 hobgoblins
  5 jackals
  3 ball pythons
  9 bats (D:1)
  4 frilled lizards
  11 kobolds
  5 rats
86 creatures vanquished.

Vanquished Creatures (collateral kills)
  An adder (D:3)
  5 orcs (D:3)
  A goblin (D:2)
7 creatures vanquished.

Grand Total: 93 creatures vanquished

Notes
Turn   | Place    | Note
-------+----------+-------------------------------------------
     0 | D:1      | Host24 the Kobold Necromancer began the quest for the Orb.
     0 | D:1      | Reached XP level 1. HP: 10/10 MP: 3/3
     2 | D:1      | Learned a level 1 spell: Animate Skeleton
   225 | D:1      | Reached XP level 2. HP: 10/15 MP: 3/5
   482 | D:1      | Reached skill level 1 in Fighting
   485 | D:1      | Reached XP level 3. HP: 13/20 MP: 3/7
  1036 | D:1      | Reached XP level 4. HP: 22/26 MP: 4/8
  2169 | D:2      | Reached XP level 5. HP: 20/32 MP: 0/9
  2727 | D:3      | HP: 1/33 [orc wizard/magic dart (9)]
  3100 | D:3      | Reached XP level 6. HP: 37/38 MP: 11/11
  3647 | D:4      | Got a scorched pewter ring
  3666 | D:4      | Noticed an orc warrior
  3669 | D:4      | Mangled by an orc warrior

Skill      XL: |  1  2  3  4  5  6 |
---------------+-------------------+-----
Spellcasting   | 3 4 |  4.0
Fighting       | 1 2 3 4 |  4.0
Dodging        | 3 |  3.9
Stealth        | |  2.6
Necromancy     | |  4.0

Action                   |  1- 3 |  4- 6 || total
-------------------------+-------+-------++-------
Melee: Unarmed           |     5 |     9 ||    14
       Whip              |       |    37 ||    37
       Flail             |       |    28 ||    28
 Cast: Pain              |    53 |   110 ||   163
       Animate Skeleton  |    11 |    25 ||    36
  Use: Potion            |       |     2 ||     2
       Scroll            |       |     2 ||     2
  Eat: Chunk             |     9 |     8 ||    17
Armor: Robe              |     3 |    18 ||    21
Dodge: Dodged            |    11 |   111 ||   122
